[Event "Titled Tuesday Blitz April 11 Early 2023"]
[White "Sargissyan, Sargis"]
[Black "Horak, Martin"]
[WhiteFideId "13303210"]
[BlackFideId "367095"]
[WhiteElo "2109"]
[BlackElo "2091"]
[Result "1/2-1/2"]
[Round "10"]
[TimeControl "180+2"]
[Date "2023.04.11"]
[WhiteClock "0:00:09"]
[BlackClock "0:00:09"]

1. e4 c5 2. Nf3 Nc6 3. d4 cxd4 4. Nxd4 Nf6 5. Nc3 e5 6. Ndb5 d6 7. Bg5 a6 8. Na3 b5 9. Nd5 Be7 10. Bxf6 Bxf6 11. c3 O-O 12. Nc2 Rb8 13. h4 g6 14. g3 Bg7 15. h5 Ne7 16. hxg6 hxg6 17. Nce3 Nxd5 18. Nxd5 Bb7 19. a4 bxa4 20. Bc4 Bxd5 21. Qxd5 Rxb2 22. O-O Rb6 23. Rxa4 Qc7 24. Rfa1 Rc6 25. R1a3 Rc8 26. Bxa6 Ra8 27. Bc4 Rxa4 28. Rxa4 Bf8 29. Kg2 Kg7 30. Ra7 Qxa7 31. Qxc6 Qe7 32. Qd5 Qf6 33. Bb3 Be7 34. Bc4 Bf8 35. Bb3 Be7 36. Bc4 Bd8 37. Qc6 Qe7 38. Bd5 Ba5 39. Qc4 Bb6 40. Qb3 Bc5 41. Qb7 Qf6 42. f3 g5 43. g4 Qf4 44. Qd7 Qd2+ 45. Kh3 Qf4 46. Kg2 Qf6 47. Qf5 Qxf5 48. gxf5 f6 49. Kh3 Kh6 50. Kg4 Be3 51. Be6 Bd2 52. c4 Be3 53. Bd5 Bc5 54. Be6 Bd4 55. Bd5 Bc5 56. Be6 Bd4 57. Bd5 Bc5 1/2-1/2


[Site "https://www.chess.com"]

[Event "Titled Tuesday Blitz April 11 Early 2023"]
[White "Gracia Alvarez, Gerardo Antonio"]
[Black "Demin, Vladimir"]
[WhiteFideId "5109124"]
[BlackFideId "4167457"]
[WhiteElo "2160"]
[BlackElo "2532"]
[Result "0-1"]
[Round "10"]
[TimeControl "180+2"]
[Date "2023.04.11"]
[WhiteClock "0:01:05"]
[BlackClock "0:01:15"]

1. e4 e5 2. Nc3 Nf6 3. d4 exd4 4. Qxd4 Nc6 5. Qd3 Bb4 6. Bd2 O-O 7. O-O-O d6 8. Nge2 Re8 9. Bg5 Be6 10. f4 b5 11. Qxb5 Bd7 12. Qc4 h6 13. Bh4 Rb8 14. Nd5 Bc5 15. Bxf6 gxf6 16. Qc3 Re6 17. Ng3 Nb4 18. Nh5 Nxa2+ 0-1


[Site "https://www.chess.com"]

[Event "Titled Tuesday Blitz April 11 Early 2023"]
[White "Ljukin, Sergei"]
[Black "Toktomushev, Teimur"]
[WhiteFideId "14102200"]
[BlackFideId "14176726"]
[WhiteElo "2312"]
[BlackElo "2116"]
[Result "1/2-1/2"]
[Round "10"]
[TimeControl "180+2"]
[Date "2023.04.11"]
[WhiteClock "0:00:13"]
[BlackClock "0:00:04"]

1. e4 c5 2. Nf3 e6 3. d4 cxd4 4. Nxd4 a6 5. Bd3 Bc5 6. Nb3 Ba7 7. c4 Ne7 8. Nc3 O-O 9. O-O Nbc6 10. Qe2 d6 11. Be3 e5 12. Bxa7 Rxa7 13. Rad1 Be6 14. c5 Bxb3 15. axb3 dxc5 16. Qh5 Qc7 17. Nd5 Nxd5 18. exd5 g6 19. Qh6 Nd4 20. f4 f5 21. fxe5 Qxe5 22. Rfe1 Qd6 23. b4 b6 24. Kh1 Re7 25. Bc4 Rfe8 26. Rxe7 Rxe7 27. h3 f4 28. Qh4 Nf5 29. Qg5 Kg7 30. Ba2 Ng3+ 31. Kh2 Ne4 32. Qh4 f3+ 33. Kg1 f2+ 34. Kf1 Rf7 35. Rd3 Qe5 36. d6 Nxd6 37. Bxf7 Nxf7 38. Qxf2 c4 39. Rc3 Qd5 40. Qe2 b5 41. Kg1 Ne5 42. Re3 Qd4 43. Kh1 Nd3 44. Re7+ Kh6 45. Qd2+ Qf4 46. Qxf4+ Nxf4 47. Ra7 Nd3 48. Rxa6 Nxb2 49. Rb6 c3 50. Rxb5 Nd3 51. Rb7 c2 52. Rc7 c1=Q+ 53. Rxc1 Nxc1 54. b5 Nd3 55. b6 Nc5 56. Kh2 Kg5 57. Kg3 h5 58. Kf3 Kh4 59. Kf4 g5+ 60. Kf3 g4+ 61. hxg4 hxg4+ 62. Kf2 Kg5 63. Kg3 Nb7 64. Kf2 Kf4 65. Kg1 Kg3 66. Kh1 Kf2 67. Kh2 Nc5 68. Kh1 Nb7 69. Kh2 Ke2 70. Kg3 Ke3 71. Kxg4 Ke4 72. Kg5 Ke5 73. g4 Ke6 74. Kh6 Kf7 75. Kh7 Kf6 76. Kh6 Kf7 77. Kg5 Kg7 78. Kf5 Nd6+ 79. Ke6 Nb7 80. Kd7 Kg6 81. Kc7 Nc5 82. Kc6 Na6 83. b7 Kg5 84. Kb6 Nb8 85. Kc7 Na6+ 86. Kc6 Kxg4 87. Kb6 Nb8 88. Ka7 Nd7 89. Ka6 Kf5 90. Kb5 Ke6 91. Kc6 Nb8+ 92. Kc7 Na6+ 93. Kb6 Nb8 94. Kc7 Na6+ 95. Kb6 Nb8 96. Kc7 1/2-1/2


[Site "https://www.chess.com"]

[Event "Titled Tuesday Blitz April 11 Early 2023"]
[White "Kabilov, Amin"]
[Black "Lehtosaari, Mauri"]
[WhiteFideId "14700859"]
[BlackFideId "501999"]
[WhiteElo "2110"]
[BlackElo "2516"]
[Result "0-1"]
[Round "10"]
[TimeControl "180+2"]
[Date "2023.04.11"]
[WhiteClock "0:00:05"]
[BlackClock "0:01:05"]

1. d4 d5 2. c4 c6 3. Nf3 Nf6 4. Nc3 dxc4 5. a4 Bf5 6. e3 e6 7. Bxc4 Bb4 8. O-O O-O 9. Qe2 Bg6 10. Ne5 Nbd7 11. Nxg6 hxg6 12. Rd1 Qa5 13. Bd2 Rad8 14. Bb3 Rfe8 15. e4 e5 16. dxe5 Nxe5 17. Bf4 Bxc3 18. bxc3 Qxc3 19. Rab1 Rxd1+ 20. Qxd1 Qd3 21. Bxe5 Qxd1+ 22. Rxd1 Rxe5 23. Rd8+ Re8 24. Rxe8+ Nxe8 25. e5 Kf8 26. f4 Ke7 27. Kf2 f6 28. exf6+ gxf6 29. g4 Nd6 30. h4 Ne4+ 31. Ke3 Nc5 32. Bc2 b5 33. axb5 cxb5 34. Bxg6 a5 35. h5 a4 36. h6 Kf8 37. g5 fxg5 38. fxg5 Ne6 39. Bd3 a3 40. h7 Kg7 0-1


[Site "https://www.chess.com"]

[Event "Titled Tuesday Blitz April 11 Early 2023"]
[White "Marcziter, Dmitrii"]
[Black "Dobre, Claudiu-Cristian"]
[WhiteFideId "13900765"]
[BlackFideId "1211854"]
[WhiteElo "2162"]
[BlackElo "2207"]
[Result "0-1"]
[Round "10"]
[TimeControl "180+2"]
[Date "2023.04.11"]
[WhiteClock "0:00:01"]
[BlackClock "0:00:09"]

1. e4 Nc6 2. Nc3 e5 3. Bc4 Nf6 4. f4 Nxe4 5. Bxf7+ Kxf7 6. Nxe4 d5 7. Ng5+ Kg8 8. d3 exf4 9. Bxf4 Bd6 10. Bxd6 Qxd6 11. Qf3 Qe5+ 12. Qe2 Bg4 13. Qxe5 Nxe5 14. h3 Re8 15. Kd2 Bh5 16. g4 Bg6 17. N1f3 h5 18. Nxe5 Rxe5 19. Nf3 Re8 20. g5 Kh7 21. Nh4 Re5 22. Rhg1 Rf8 23. Rae1 Rf2+ 24. Kc3 d4+ 25. Kb3 Bf7+ 26. Ka3 Rxe1 27. Rxe1 Rxc2 28. Re7 Bg6 29. Re6 Bxd3 30. g6+ Kh6 31. Nf3 Bf5 32. Re5 Bxh3 33. Nxd4 Rd2 34. Ne6 Bxe6 35. Rxe6 Rd6 36. Re7 Rc6 0-1


[Site "https://www.chess.com"]

[Event "Titled Tuesday Blitz April 11 Early 2023"]
[White "Vivas Zamora, Fabian Ernesto"]
[Black "Trifan, Andrei Ioan"]
[WhiteFideId "3902480"]
[BlackFideId "12967068"]
[WhiteElo "2262"]
[BlackElo "2208"]
[Result "1/2-1/2"]
[Round "10"]
[TimeControl "180+2"]
[Date "2023.04.11"]
[WhiteClock "0:00:02"]
[BlackClock "0:00:22"]

1. e4 b6 2. d4 Bb7 3. Nc3 e6 4. Bd3 d6 5. Nf3 Nd7 6. O-O Be7 7. a4 c5 8. d5 exd5 9. Nxd5 Bxd5 10. exd5 Ngf6 11. Re1 O-O 12. c4 h6 13. h3 Re8 14. Bf4 Bf8 15. Bc2 g6 16. a5 bxa5 17. Qd2 Qb6 18. b3 Qb4 19. Bxh6 Bxh6 20. Qxh6 Nf8 21. Qf4 Qc3 22. Rac1 Rxe1+ 23. Nxe1 Rd8 24. Nf3 N8h7 25. Bxg6 Qxb3 26. Bxh7+ Nxh7 27. Ng5 Rf8 28. Nxh7 Kxh7 29. Qf5+ Kh6 30. Qf6+ Kh7 31. Qf5+ Kg7 32. Qg5+ Kh7 33. Re1 Rg8 34. Qf5+ Kg7 35. Re3 Qb8 36. Rg3+ Kf8 37. Rf3 Qc7 38. Qf6 a4 39. Qh6+ Ke8 40. Re3+ Kd8 41. Qf6+ Kc8 42. Re7 Qb6 43. Qxf7 Rd8 44. Qe6+ Kb8 45. Re8 a3 46. Qe7 Rxe8 47. Qxe8+ Kb7 48. Qd7+ Ka6 49. Qa4+ Qa5 50. Qc6+ Qb6 51. Qa4+ Qa5 52. Qc6+ Qb6 53. Qa4+ 1/2-1/2


[Site "https://www.chess.com"]

[Event "Titled Tuesday Blitz April 11 Early 2023"]
[White "Mrudul Dehankar"]
[Black "Sai Han Thiha"]
[WhiteFideId "25096990"]
[BlackFideId "13012290"]
[WhiteElo "2139"]
[BlackElo "1954"]
[Result "0-1"]
[Round "10"]
[TimeControl "180+2"]
[Date "2023.04.11"]
[WhiteClock "0:00:01"]
[BlackClock "0:00:03"]

1. e4 c6 2. d4 d5 3. e5 c5 4. Nf3 cxd4 5. Nxd4 Nc6 6. Nxc6 bxc6 7. Bd3 e6 8. O-O a5 9. a4 Ba6 10. Qe2 Bxd3 11. cxd3 Ne7 12. Bg5 h6 13. Bd2 Nf5 14. Bc3 Qb6 15. Rc1 Bb4 16. Nd2 O-O 17. Qg4 Bc5 18. Qe2 d4 19. Nc4 Qb3 20. Nxa5 Qd5 21. Be1 Nh4 22. Qg4 Ng6 23. f4 h5 24. Qg3 h4 25. Qg4 h3 26. gxh3 Ra6 27. Nc4 Rb8 28. h4 Rb3 29. h5 Ne7 30. Rd1 Nf5 31. Qg2 Qd7 32. Qc2 Rb8 33. Bf2 Qd5 34. Qe2 Ne3 35. Bxe3 dxe3 36. a5 Rb3 37. Rac1 Qd4 38. Kg2 Qxf4 39. Rf1 Qg5+ 40. Kh1 Bd4 41. Rg1 Qf5 42. Rcf1 Qh7 43. Rg4 c5 44. Rfg1 Kh8 45. Rxg7 Qxg7 46. Rxg7 Kxg7 47. Qg4+ Kh8 48. Qf3 e2 49. Kg2 e1=Q 50. Qf6+ Kg8 0-1


[Site "https://www.chess.com"]

[Event "Titled Tuesday Blitz April 11 Early 2023"]
[White "Novikov, Evgenij"]
[Black "Balint, Vilmos"]
[WhiteFideId "4125380"]
[BlackFideId "718050"]
[WhiteElo "2242"]
[BlackElo "2034"]
[Result "1-0"]
[Round "10"]
[TimeControl "180+2"]
[Date "2023.04.11"]
[WhiteClock "0:01:30"]
[BlackClock "0:02:39"]

1. d4 Nf6 2. Bg5 d5 3. Bxf6 exf6 4. e3 g6 5. g3 Bg7 6. Bg2 O-O 7. Nd2 Be6 8. Ne2 c6 9. c3 f5 10. h4 h5 11. Nf4 Re8 12. Qc2 Nd7 13. O-O a5 14. c4 dxc4 15. Nxc4 Bxc4 16. Qxc4 Nf6 17. Nxg6 b5 18. Qxc6 fxg6 19. Qxa8 Qxa8 20. Bxa8 Rxa8 21. Rac1 Ra7 22. Rc5 Rb7 23. Rfc1 Ne4 24. Rc6 Kf7 25. Ra6 a4 26. Rcc6 Bf6 27. f3 1-0


[Site "https://www.chess.com"]

[Event "Titled Tuesday Blitz April 11 Early 2023"]
[White "Orujov2008"]
[Black "Sreyas Payyappat"]
[BlackFideId "46674969"]
[WhiteElo "2321"]
[BlackElo "2083"]
[Result "1-0"]
[Round "10"]
[TimeControl "180+2"]
[Date "2023.04.11"]
[WhiteClock "0:00:26"]
[BlackClock "0:01:22"]

1. e4 c6 2. d4 d5 3. Nc3 dxe4 4. Nxe4 Nf6 5. Nxf6+ exf6 6. Be3 Bd6 7. Bd3 O-O 8. Ne2 Re8 9. c4 Nd7 10. Qc2 Nf8 11. O-O-O Be6 12. Nc3 Rc8 13. c5 Be7 14. Be4 Bd5 15. Bxd5 cxd5 16. Qf5 b6 17. Qxd5 Qc7 18. Kb1 bxc5 19. dxc5 Bxc5 20. Bxc5 Qxc5 21. Qxc5 Rxc5 22. Rhe1 Rce5 23. Rxe5 fxe5 24. b4 f6 25. Kb2 Kf7 26. a4 Ne6 27. Rd7+ Re7 28. Rxe7+ Kxe7 29. Kb3 Nf4 30. Nb5 Nxg2 31. Nxa7 Nf4 32. a5 Kd7 33. b5 Nd3 34. b6 Nxf2 35. b7 Kc7 36. a6 Ne4 37. Kb4 Nd6 38. Nc6 Nxb7 39. a7 e4 40. Nd4 e3 41. a8=Q e2 42. Nxe2 1-0


[Site "https://www.chess.com"]

[Event "Titled Tuesday Blitz April 11 Early 2023"]
[White "Fajdetic, Hrvoje"]
[Black "Dominguez Pons, Eric"]
[WhiteFideId "14501945"]
[BlackFideId "2262916"]
[WhiteElo "2185"]
[BlackElo "2302"]
[Result "0-1"]
[Round "10"]
[TimeControl "180+2"]
[Date "2023.04.11"]
[WhiteClock "0:00:02"]
[BlackClock "0:01:58"]

1. d4 Nf6 2. Bf4 c5 3. e3 d5 4. Nc3 Nc6 5. Nb5 e5 6. dxe5 a6 7. Nc3 d4 8. exf6 Qa5 9. exd4 cxd4 10. Bd2 dxc3 11. Bxc3 Bb4 12. Qd2 O-O 13. fxg7 Re8+ 14. Ne2 Rd8 15. Qe3 Bf5 16. f3 Re8 17. Bxb4 Nxb4 18. Kf2 Rxe3 19. Kxe3 Nxc2+ 20. Kf2 Qb6+ 0-1


[Site "https://www.chess.com"]

[Event "Titled Tuesday Blitz April 11 Early 2023"]
[White "Womacka, Mathias"]
[Black "lolliNOPE"]
[WhiteFideId "4611390"]
[WhiteElo "2377"]
[BlackElo "2181"]
[Result "1-0"]
[Round "10"]
[TimeControl "180+2"]
[Date "2023.04.11"]
[WhiteClock "0:01:33"]
[BlackClock "0:00:13"]

1. e4 c6 2. d4 d5 3. Nd2 dxe4 4. Nxe4 Nd7 5. Nf3 Ngf6 6. Nxf6+ Nxf6 7. Bc4 Bf5 8. Bg5 e6 9. Qe2 Be7 10. O-O-O O-O 11. Ne5 Nd5 12. Bd2 a5 13. g4 Bg6 14. h4 Bxh4 15. f4 Bg3 16. Qf3 Bxf4 17. Bxf4 Nxf4 18. Qxf4 Qf6 19. Qxf6 gxf6 20. Nd7 Rfd8 21. Nxf6+ Kg7 22. Nh5+ Kf8 23. Nf4 Ke7 24. Nxg6+ hxg6 25. Rh7 Rh8 26. Rdh1 Rxh7 27. Rxh7 Rd8 28. c3 b5 29. Be2 Rc8 30. Kc2 Kf6 31. g5+ Ke7 32. Bd3 Rg8 33. Be4 c5 34. dxc5 1-0


[Site "https://www.chess.com"]

[Event "Titled Tuesday Blitz April 11 Early 2023"]
[White "Aung Thant Zin"]
[Black "Rom, Jasper"]
[WhiteFideId "13000063"]
[BlackFideId "2023733"]
[WhiteElo "2278"]
[BlackElo "2233"]
[Result "1-0"]
[Round "10"]
[TimeControl "180+2"]
[Date "2023.04.11"]
[WhiteClock "0:00:02"]
[BlackClock "0:00:01"]

1. e4 e6 2. d4 d5 3. Nc3 Nf6 4. Bg5 dxe4 5. Nxe4 Be7 6. Bxf6 gxf6 7. Nf3 f5 8. Ng3 a6 9. c3 b5 10. Be2 Bb7 11. Qd2 c5 12. O-O-O Qd5 13. Kb1 Nd7 14. Qh6 O-O-O 15. dxc5 Qxc5 16. Nd4 Bxg2 17. Rhg1 Bd5 18. Qg7 Bf6 19. Qxf7 e5 20. Ne6 Qxf2 21. Rgf1 Bxe6 22. Qxe6 Qb6 23. Qxf5 Kc7 24. Rxd7+ Rxd7 25. Qxf6 Qxf6 26. Rxf6 h5 27. Nxh5 Rd2 28. Bf3 Rf2 29. Be4 Re2 30. Bg6 Rxh2 31. Ng3 Rd8 32. a3 Rdd2 33. Ne4 Rxb2+ 34. Kc1 Rbc2+ 35. Kd1 Rcg2 36. Rf1 Rxg6 37. Nc5 Kb6 38. Nd3 e4 39. Nf4 1-0


[Site "https://www.chess.com"]

[Event "Titled Tuesday Blitz April 11 Early 2023"]
[White "Reprintsev, Alexander"]
[Black "Sailer, Mike"]
[WhiteFideId "14100541"]
[BlackFideId "2012901"]
[WhiteElo "2211"]
[BlackElo "2109"]
[Result "1-0"]
[Round "10"]
[TimeControl "180+2"]
[Date "2023.04.11"]
[WhiteClock "0:00:09"]
[BlackClock "0:00:01"]

1. e4 d5 2. exd5 Qxd5 3. Nc3 Qd6 4. d4 Nf6 5. Nf3 c6 6. g3 Bf5 7. Bf4 Qd8 8. Bg2 e6 9. O-O Be7 10. Nh4 Bg4 11. Qd2 O-O 12. h3 Bh5 13. Rae1 Nd5 14. Nxd5 cxd5 15. Nf3 Nd7 16. c3 Nf6 17. Ne5 Bd6 18. g4 Bg6 19. Nxg6 hxg6 20. Bxd6 Qxd6 21. f4 b5 22. Rf2 a5 23. g5 Nh5 24. Re5 Ng3 25. Kh2 Nf5 26. Bf1 b4 27. Bd3 bxc3 28. bxc3 Rab8 29. Bxf5 gxf5 30. g6 fxg6 31. Qe3 Rb6 32. Rg2 Kf7 33. Qg3 Ke7 34. Qxg6 Rf7 35. Qh7 Qd8 36. Rxg7 Rxg7 37. Qxg7+ Kd6 38. Qf7 Qc8 39. h4 Rb2+ 40. Kg1 Rb1+ 41. Kf2 Rb2+ 42. Re2 Rxe2+ 43. Kxe2 Qxc3 44. Qf8+ Kd7 45. Qc5 Qb2+ 46. Kf3 Qh2 47. Qb5+ Ke7 48. Qc5+ Kf7 49. Qc7+ Ke8 50. Qb8+ Ke7 51. Qc7+ Ke8 52. Qxa5 Qh3+ 53. Ke2 Qh2+ 54. Kd3 1-0


[Site "https://www.chess.com"]

[Event "Titled Tuesday Blitz April 11 Early 2023"]
[White "KorolDimitriy75"]
[Black "Belov, Alexei"]
[BlackFideId "4128206"]
[WhiteElo "2358"]
[BlackElo "2605"]
[Result "1-0"]
[Round "10"]
[TimeControl "180+2"]
[Date "2023.04.11"]
[WhiteClock "0:00:09"]
[BlackClock "0:00:20"]

1. d4 e6 2. c4 d5 3. Nc3 Be7 4. cxd5 exd5 5. Bf4 c6 6. e3 Bf5 7. g4 Be6 8. h4 h5 9. g5 Bd6 10. Nge2 Ne7 11. Bxd6 Qxd6 12. Nf4 g6 13. Bd3 Bf5 14. Qb3 b6 15. O-O-O Nd7 16. Kb1 O-O 17. Bxf5 Nxf5 18. Qc2 Ne7 19. a3 b5 20. Nd3 a5 21. Ne2 Nb6 22. Nc5 Nc4 23. Nf4 a4 24. Nfd3 Rab8 25. Nb4 Nf5 26. e4 Nxd4 27. Rxd4 Qxc5 28. Rhd1 dxe4 29. Na6 Qf5 30. Nxb8 Rxb8 31. Rxe4 Kh7 32. Re2 Qf4 33. Qe4 Qxe4+ 34. Rxe4 Rb7 35. Rd8 Kg7 36. Ree8 f6 37. Rg8+ Kf7 38. Rdf8+ Ke7 39. Rxf6 Ne5 40. Rg7+ 1-0


[Site "https://www.chess.com"]

[Event "Titled Tuesday Blitz April 11 Early 2023"]
[White "Dwilewicz, Katarzyna"]
[Black "Safin, Robert"]
[WhiteFideId "1148486"]
[BlackFideId "34189120"]
[WhiteElo "2065"]
[BlackElo "2245"]
[Result "1-0"]
[Round "10"]
[TimeControl "180+2"]
[Date "2023.04.11"]
[WhiteClock "0:00:06"]
[BlackClock "0:00:01"]

1. e4 c6 2. d4 d5 3. exd5 cxd5 4. Bd3 Nc6 5. c3 Nf6 6. Bf4 Bg4 7. Qb3 Qd7 8. Nd2 e6 9. Ngf3 Bd6 10. Bxd6 Qxd6 11. O-O O-O 12. Rfe1 Bxf3 13. Nxf3 Qc7 14. Qc2 Rfc8 15. Qe2 Nd7 16. Ne5 Ncxe5 17. dxe5 a6 18. f4 g6 19. g4 Qb6+ 20. Kg2 d4 21. c4 Nc5 22. b3 a5 23. Rab1 a4 24. b4 Qc6+ 25. Kg3 Nxd3 26. Qxd3 Qxc4 27. Qxc4 Rxc4 28. Red1 Rc3+ 29. Kh4 Rd8 30. Rb2 d3 31. Rbd2 Rd4 32. Kg3 b5 33. Kf3 Kg7 34. h3 Rxb4 35. Rxd3 Rxd3+ 36. Rxd3 Rb2 37. a3 h6 38. Ke4 Kf8 39. Kd4 Kg7 40. Kc5 g5 41. f5 exf5 42. gxf5 h5 43. Kd6 Rb3 44. Rd5 Rxa3 45. Rxb5 Rd3+ 46. Ke7 a3 47. Ra5 Re3 48. e6 fxe6 49. f6+ Kg6 50. f7 Rf3 51. f8=Q 1-0


[Site "https://www.chess.com"]

[Event "Titled Tuesday Blitz April 11 Early 2023"]
[White "Andrews, Todd"]
[Black "Gurevich, Dmitry"]
[WhiteFideId "2012456"]
[BlackFideId "2000407"]
[WhiteElo "2342"]
[BlackElo "2506"]
[Result "1-0"]
[Round "10"]
[TimeControl "180+2"]
[Date "2023.04.11"]
[WhiteClock "0:00:43"]
[BlackClock "0:00:47"]

1. e4 c5 2. Nf3 d6 3. d4 cxd4 4. Nxd4 Nf6 5. Nc3 Nc6 6. Bc4 e6 7. Bb3 a6 8. Be3 Be7 9. Qe2 Qc7 10. O-O-O Na5 11. g4 b5 12. g5 b4 13. gxf6 gxf6 14. Na4 Bd7 15. Kb1 Qb7 16. f3 O-O-O 17. Qd3 Kb8 18. Ne2 Bb5 19. Qd2 Nc4 20. Bxc4 Bxc4 21. Nb6 Bb5 22. c4 bxc3 23. Nxc3 Bc6 24. Rc1 f5 25. Ka1 Bf6 26. Bd4 Bxd4 27. Qxd4 fxe4 28. fxe4 e5 29. Qb4 f5 30. Rhe1 fxe4 31. Nxe4 a5 32. Qxa5 Bxe4 33. Rc4 Bd3 34. Rb4 Qa6 35. Nd5+ Ka7 36. Qc7+ 1-0


[Site "https://www.chess.com"]

[Event "Titled Tuesday Blitz April 11 Early 2023"]
[White "Manon-og, Ramon Jr."]
[Black "Forgacs, Attila Jr."]
[WhiteFideId "5200776"]
[BlackFideId "773654"]
[WhiteElo "2397"]
[BlackElo "2168"]
[Result "0-1"]
[Round "10"]
[TimeControl "180+2"]
[Date "2023.04.11"]
[WhiteClock "0:01:57"]
[BlackClock "0:01:54"]

1. e4 e5 2. Nf3 Nc6 3. Bc4 Nf6 4. Ng5 d5 5. exd5 Na5 6. Bb5+ c6 7. dxc6 bxc6 8. Bd3 Nd5 9. Nf3 Bd6 10. O-O Nf4 11. Nc3 Nxd3 12. cxd3 O-O 13. Ne4 Bc7 14. Qc2 c5 15. Nxc5 Bg4 16. b4 Nc6 17. b5 Bxf3 18. bxc6 Qg5 19. g3 Qg4 20. Qc4 Qh3 0-1


[Site "https://www.chess.com"]

[Event "Titled Tuesday Blitz April 11 Early 2023"]
[White "Ward, Ieuan C"]
[Black "Turzo, Attila"]
[WhiteFideId "406627"]
[BlackFideId "704954"]
[WhiteElo "2329"]
[BlackElo "2483"]
[Result "1-0"]
[Round "10"]
[TimeControl "180+2"]
[Date "2023.04.11"]
[WhiteClock "0:00:24"]
[BlackClock "0:00:55"]

1. e4 c5 2. Nf3 Nc6 3. d4 cxd4 4. c3 Nf6 5. e5 Nd5 6. cxd4 d6 7. Bc4 dxe5 8. Nxe5 Nxe5 9. dxe5 e6 10. O-O Be7 11. Qg4 Kf8 12. Rd1 Qc7 13. Bb3 Qxe5 14. Nc3 Nxc3 15. bxc3 Qc7 16. Bf4 h5 17. Qg3 Qc6 18. Be5 f6 19. Bd6 g5 20. Rd3 e5 21. Bxe5 fxe5 22. Qxe5 Rh6 23. Re1 Bd8 24. Rxd8+ 1-0


[Site "https://www.chess.com"]

[Event "Titled Tuesday Blitz April 11 Early 2023"]
[White "Dishman, Stephen"]
[Black "Shapiro, Viktor"]
[WhiteFideId "403024"]
[BlackFideId "4175700"]
[WhiteElo "2204"]
[BlackElo "2152"]
[Result "1-0"]
[Round "10"]
[TimeControl "180+2"]
[Date "2023.04.11"]
[WhiteClock "0:00:26"]
[BlackClock "0:00:02"]

1. d4 Nf6 2. Bg5 c5 3. d5 d6 4. Nc3 a6 5. a4 g6 6. e4 Bg7 7. f4 O-O 8. Nf3 Bg4 9. Bd3 Nbd7 10. O-O c4 11. Bxc4 Qb6+ 12. Kh1 Qxb2 13. Qd2 Rac8 14. Rfb1 Qxc3 15. Qxc3 Nxe4 16. Qb4 Bxa1 17. Rxa1 f6 18. Bh4 Rc7 19. Nd4 Ndc5 20. Bd3 Rfc8 21. h3 Bd7 22. Kh2 Kf7 23. Re1 f5 24. Ne6 Bxe6 25. dxe6+ Kxe6 26. Bxe4 Nxe4 27. Rxe4+ fxe4 28. Qxe4+ Kf7 29. f5 gxf5 30. Qxf5+ Ke8 31. Qxh7 e5 32. Qg8+ Kd7 33. Qf7+ Kc6 34. Qe6 b5 35. axb5+ axb5 36. Bg3 Kc5 37. h4 b4 38. h5 Rc6 39. h6 R6c7 40. Qf5 Rh8 41. Bxe5 Rch7 42. Bxh8+ 1-0


[Site "https://www.chess.com"]

[Event "Titled Tuesday Blitz April 11 Early 2023"]
[White "a-z30"]
[Black "Minko, Dmitry"]
[BlackFideId "24188468"]
[WhiteElo "2323"]
[BlackElo "2147"]
[Result "0-1"]
[Round "10"]
[TimeControl "180+2"]
[Date "2023.04.11"]
[WhiteClock "0:00:02"]
[BlackClock "0:00:15"]

1. d3 e5 2. Nf3 Nc6 3. g3 d5 4. Bg2 f5 5. O-O Nf6 6. c4 dxc4 7. Qa4 Bd6 8. Qxc4 Qe7 9. Bg5 Be6 10. Qb5 O-O 11. Qxb7 Nb4 12. Ne1 e4 13. Qb5 Rab8 14. Qa4 h6 15. Bxf6 Qxf6 16. Nc3 exd3 17. Nxd3 Nxd3 18. exd3 Rxb2 19. Bd5 Qxc3 20. Bxe6+ Kh8 21. Rab1 Rxb1 22. Rxb1 Qxd3 23. Rd1 Qc3 24. Qxa7 Bc5 25. Qa6 f4 26. Qc4 Bxf2+ 27. Kf1 Qe3 28. Qe2 fxg3 29. Qxe3 Bxe3+ 30. Ke2 Bf4 31. hxg3 Bxg3 32. Rd7 Ra8 33. Bb3 Bd6 34. Kf3 h5 35. Ke4 Kh7 36. Kf5 Kh6 37. Ke6 h4 38. Bd5 Rf8 0-1


[Site "https://www.chess.com"]

[Event "Titled Tuesday Blitz April 11 Early 2023"]
[White "Sowul, Bartosz"]
[Black "Kohler, Aran"]
[WhiteFideId "1137590"]
[BlackFideId "1002856"]
[WhiteElo "2188"]
[BlackElo "2306"]
[Result "1-0"]
[Round "10"]
[TimeControl "180+2"]
[Date "2023.04.11"]
[WhiteClock "0:00:36"]
[BlackClock "0:00:02"]

1. e4 e5 2. Nf3 Nc6 3. Bb5 a6 4. Bxc6 dxc6 5. O-O Bg4 6. h3 h5 7. d3 Bxf3 8. Qxf3 Nf6 9. Be3 Be7 10. Nd2 Nd7 11. Nc4 Bf6 12. a4 Qe7 13. c3 g5 14. b4 g4 15. Qf5 O-O 16. Qxh5 Bg7 17. Qxg4 f5 18. exf5 Qf6 19. f4 exf4 20. Bd4 Qh6 21. Rxf4 Nf6 22. Qf3 Rad8 23. Re1 Nh5 24. Rg4 Kh7 25. Re7 Rg8 26. f6 Rxd4 27. cxd4 Nxf6 28. Qf5+ Kh8 29. Ne5 1-0


[Site "https://www.chess.com"]

[Event "Titled Tuesday Blitz April 11 Early 2023"]
[White "Makhmudov, Shukhrat"]
[Black "Manukian, Artak"]
[WhiteFideId "14200775"]
[BlackFideId "13301373"]
[WhiteElo "2135"]
[BlackElo "2130"]
[Result "0-1"]
[Round "10"]
[TimeControl "180+2"]
[Date "2023.04.11"]
[WhiteClock "0:01:02"]
[BlackClock "0:01:14"]

1. e4 c6 2. Nc3 d5 3. exd5 cxd5 4. d4 Nc6 5. Bf4 a6 6. Nf3 Bg4 7. Be2 e6 8. Ne5 Bxe2 9. Nxe2 Nf6 10. O-O Bd6 11. Nxc6 bxc6 12. Bxd6 Qxd6 13. c3 O-O 14. b4 a5 15. a3 Ne4 16. f3 Nf6 17. f4 g6 18. Ng3 Nd7 19. Qg4 f5 20. Qe2 Nf6 21. Qe3 Kf7 22. Rfe1 Ra7 23. Nf1 Ne4 24. Nd2 Rfa8 25. Nb3 axb4 26. axb4 Qb8 27. Na5 Ra6 28. Rab1 Rb6 29. g3 Rxa5 0-1


[Site "https://www.chess.com"]

[Event "Titled Tuesday Blitz April 11 Early 2023"]
[White "Zampronha, Wladimir Camilo"]
[Black "Baches Garcia, Guillermo"]
[WhiteFideId "2103087"]
[BlackFideId "2209764"]
[WhiteElo "2176"]
[BlackElo "2445"]
[Result "0-1"]
[Round "10"]
[TimeControl "180+2"]
[Date "2023.04.11"]
[WhiteClock "0:00:07"]
[BlackClock "0:00:05"]

1. e4 c5 2. Nf3 d6 3. d4 cxd4 4. Nxd4 Nf6 5. Nc3 Nc6 6. Bg5 e6 7. Qd2 h6 8. Bxf6 gxf6 9. O-O-O a6 10. Bc4 Bd7 11. Bb3 Qb6 12. Nxc6 Qxc6 13. Rhe1 Be7 14. Kb1 b5 15. Nd5 exd5 16. exd5 Qc7 17. Qf4 Kf8 18. Rxe7 Kxe7 19. Re1+ Kf8 20. Qxf6 Rh7 21. c3 Re8 22. Rxe8+ Bxe8 23. Bc2 Kg8 24. Bxh7+ Kxh7 25. Qf5+ Kg7 26. Qg4+ Kf8 27. Qf4 Qc5 28. Qxh6+ Ke7 29. Qg5+ f6 30. Qe3+ Qxe3 31. fxe3 Bg6+ 32. Kc1 Be4 33. g3 Bxd5 34. a3 f5 35. Kd2 Kf6 36. Kd3 Kg5 37. Kd4 Be4 38. h3 Bg2 39. c4 bxc4 40. Kxc4 Bxh3 41. Kd5 Kg4 42. Kxd6 Kxg3 43. Ke5 Kf3 44. Kd4 Bf1 45. b4 Be2 46. a4 Bf1 47. Ke5 Bd3 48. Kd4 Be2 49. Ke5 Bd3 50. Kd4 Ke2 51. b5 Bxb5 52. axb5 axb5 53. Ke5 Kxe3 54. Kxf5 b4 0-1


[Site "https://www.chess.com"]